 Dungeon Crawl Stone Soup version 0.19.4 (webtiles) character file.

55 Phuph the Cudgeler (level 3, -8/36 HPs)
             Began as a Troll Berserker on Feb 4, 2017.
             Was a Follower of Trog.
             Killed from afar by an orc wizard (9 damage)
             ... with a puff of frost
             ... on level 3 of the Dungeon.
             The game lasted 00:20:38 (2355 turns).

Phuph the Cudgeler (Troll Berserker)                Turns: 2355, Time: 00:20:38

Health: -8/36      AC:  5    Str: 29    XL:     3   Next: 67%
Magic:  2/2        EV: 10    Int:  3    God:    Trog [*.....]
Gold:   233        SH:  0    Dex:  9    Spells: 0 memorised, 2 levels left

rFire  . . .     SeeInvis .     a - +0 mace
rCold  . . .     Gourm    +     b - +0 animal skin
rNeg   . . .     Faith    .     (no shield)
rPois  .         Spirit   .     (helmet restricted)
rElec  .         Reflect  .     (no cloak)
rCorr  .         Harm     .     (gloves unavailable)
MR     .....                    (boots unavailable)
Stlth  +.........               B - amulet of rage
                                (no ring)
                                D - +3 ring of strength

@: lethally poisoned (-8 -> -24)
A: unfitting armour, claws 3, fast metabolism 3, gourmand, regeneration 1,
shaggy fur 1, tough skin 2
a: Berserk, Burn Spellbooks, Renounce Religion, Evoke Berserk Rage


You were on level 3 of the Dungeon.
You worshipped Trog.
Trog was aware of your devotion.
You were very full.

You visited 1 branch of the dungeon, and saw 3 of its levels.

You collected 233 gold pieces.

Inventory:

Hand Weapons
 a - a +0 mace (weapon)
 f - a +0 club
 h - a +3 dagger
 m - a +0 club
 o - a +0 hand axe
 u - a +0 short sword of venom
 y - a +0 dagger
 E - a +0 dagger
 H - a +0 blowgun
 J - a +0 flail
 K - a +0 mace
 N - a +0 flail
 O - a +0 mace
Missiles
 j - 67 stones (quivered)
 p - 26 sling bullets
 w - 20 poisoned needles
 C - 19 bolts
 L - 4 tomahawks
Armour
 b - a +0 animal skin (worn)
 d - a +0 scale mail
 q - a +0 chain mail
 v - a +0 leather armour
 z - a +0 ring mail
 P - a +0 scale mail
Jewellery
 B - an amulet of rage (around neck)
 D - a +3 ring of strength (left claw)
Wands
 F - a wand of digging (10/24)
Scrolls
 l - a scroll of enchant armour {unknown}
 r - 4 scrolls of identify {unknown}
 s - a scroll of noise {unknown}
 x - a scroll of remove curse {unknown}
 A - 2 scrolls of blinking {unknown}
Potions
 e - 2 potions of might {unknown}
 k - a potion of brilliance {unknown}
 n - a potion of cancellation {unknown}
 t - a potion of heal wounds {unknown}
 G - 2 potions of curing {unknown}
 I - a potion of berserk rage {unknown}
Comestibles
 c - 3 bread rations
 g - 2 meat rations
 i - a beef jerky
 Q - a slice of pizza


   Skills:
 + Level 2.9 Fighting
 + Level 3.3 Maces & Flails
 + Level 3.0 Dodging


You had 2 spell levels left.
You didn't know any spells.

Dungeon Overview and Level Annotations

Branches:
Dungeon (3/15)

Altars:
Dithmenos
Elyvilon
Gozag
Kikubaaqudgha
Qazlal
Ru
Trog
Yredelemnul
The Shining One


Innate Abilities, Weirdness & Mutations

You are too large for most types of armour.
You have claws for hands.
Your metabolism is lightning-fast.
You like to eat raw meat.
Your natural rate of healing is unusually fast.
You are covered in fur. (AC +1)
You have very tough skin. (AC +2)


Message History

You barely miss the bullfrog skeleton.
The bullfrog skeleton is almost destroyed.
You feel sick. Something hits you.
You are more poisoned.
The bullfrog skeleton hits you. Something hits you.
* * * LOW HITPOINT WARNING * * *
You are more poisoned.
You barely miss the bullfrog skeleton.
The bullfrog skeleton is almost destroyed.
* * * LOW HITPOINT WARNING * * *
You feel very sick.
The bullfrog skeleton barely misses you.
Something hits you but does no damage. The bullfrog skeleton hits you.
* * * LOW HITPOINT WARNING * * *
* * * LOW HITPOINT WARNING * * *
You feel sick.
You hear some strange, mumbled words.
A puff of frost appears from out of thin air!
The puff of frost hits you!
You die...

######.# #.. ..(.... .###...# #.#
#.# #.....# ##.## ######.###.#
..... #.# .........#.# .....
##.## .#####.....### #.#.#
#.##...# .......#.....# #.#.#
#.......
.#####.###.#.###Z#.###..#####...#
.# #.# #...........r...........
.# #.# ###.###@#.###.........#.
.# ..# #.##....# ######## .# ###
#.#.###.# #_ .# #..# #.# ...8# .#
#.. ..# ....# .# ##. ..#_ ....>
.# ####. ....# .# # ##8 ...8#
.###.# #_##


You could see a rat and a bullfrog skeleton.

Vanquished Creatures
  A worm (D:3)
  A dart slug (D:2)
  4 leopard geckos
  5 orcs (D:3)
  3 giant cockroaches
  3 goblins
  3 hobgoblins
  5 kobolds
  8 bats
  2 frilled lizards
  4 rats
39 creatures vanquished.

Notes
Turn   | Place    | Note
-------+----------+-------------------------------------------
     0 | D:1      | Phuph the Troll Berserker began the quest for the Orb.
     0 | D:1      | Reached XP level 1. HP: 22/22 MP: 0/0
   268 | D:1      | Reached XP level 2. HP: 29/29 MP: 1/1
   880 | D:2      | Found an opulent altar of Gozag.
   958 | D:2      | Found a glowing golden altar of the Shining One.
  1191 | D:2      | Found a bloodstained altar of Trog.
  1803 | D:3      | Reached XP level 3. HP: 36/36 MP: 2/2
  1827 | D:3      | Found a basalt altar of Yredelemnul.
  1876 | D:3      | Found a sacrificial altar of Ru.
  1876 | D:3      | Found a stormy altar of Qazlal.
  1987 | D:3      | Found a shadowy altar of Dithmenos.
  2308 | D:3      | Found a white marble altar of Elyvilon.
  2344 | D:3      | Found an ancient bone altar of Kikubaaqudgha.
  2355 | D:3      | HP: 1/36 [poisoned by an orc wizard]
  2355 | D:3      | Killed from afar by an orc wizard

Skill      XL: |  1  2  3 |
---------------+----------+-----
Maces & Flails | 3 |  3.3
Dodging        | 3 |  3.0
Fighting       | |  2.9

Action                   || total
-------------------------++-------
Melee: Mace              ||   153
 Stab: Sleeping          ||     1
  Eat: Chunk             ||    26
Armor: Animal skin       ||    47
Dodge: Dodged            ||    91
